 Dungeon Crawl Stone Soup version 0.19-a0-1655-gdd95918 (webtiles) character file.

14053 DeloreanTremens the Grappler (level 11, -2/113 HPs)
             Began as a Troll Monk on Sept 21, 2016.
             Was a High Priest of Okawaru.
             Slain by a seven-headed hydra (14 damage)
             ... on level 10 of the Dungeon.
             The game lasted 01:22:14 (12446 turns).

DeloreanTremens the Grappler (Troll Monk)          Turns: 12446, Time: 01:22:14

Health: -2/113     AC:  7    Str: 27    XL:     11   Next: 83%
Magic:  8/15       EV: 16    Int:  6    God:    Okawaru [*****.]
Gold:   648        SH: 17    Dex: 14    Spells: 0 memorised, 10 levels left

rFire  + . .     SeeInvis .       - Unarmed
rCold  . . .     Gourm    +     a - +0 robe
rNeg   . . .     Faith    .     Y - +7 shield of Ymiaddum {rElec rF+ Str+2}
rPois  .         Spirit   .     (helmet restricted)
rElec  +         Dismiss  .     F - +1 cloak
rCorr  .         Reflect  .     (gloves unavailable)
MR     .....     Harm     .     (boots unavailable)
Stlth  ++........               v - amulet of rage
                                g - +1 ring of evasion
                                J - +3 ring of strength

@: heroism, finesse
A: unfitting armour, claws 3, fast metabolism 3, gourmand, regeneration 1,
shaggy fur 1, tough skin 2
a: Heroism, Finesse, Renounce Religion, Evoke Berserk Rage


You were on level 10 of the Dungeon.
You worshipped Okawaru.
Okawaru was extremely pleased with you.
You were full.

You visited 3 branches of the dungeon, and saw 14 of its levels.

You collected 648 gold pieces.

Inventory:

Missiles
 k - 17 tomahawks
 u - 6 poisoned tomahawks (quivered)
Armour
 a - a +0 robe (worn)
 F - a +1 cloak (worn)
 Y - the +7 shield of Ymiaddum (worn) {rElec rF+ Str+2}
   (Okawaru gifted it to you on level 11 of the Dungeon)

   It affects your strength (+2).
   It protects you from fire.
   It insulates you from electricity.
Jewellery
 g - a +1 ring of evasion (right claw)
 v - an amulet of rage (around neck)
 J - a +3 ring of strength (left claw)
Wands
 E - a wand of slowing (46/48)
 I - a wand of flame (20/48)
 K - a wand of paralysis (9/24)
 L - a wand of enslavement (13/24)
 P - a wand of lightning (6/15)
 R - a wand of disintegration (7/24)
 T - a wand of paralysis (3/24)
 W - a wand of iceblast (10/15)
Scrolls
 c - 2 scrolls of identify
 e - 2 scrolls of teleportation
 n - 4 scrolls of enchant weapon
 q - 5 scrolls of remove curse
 r - a scroll of magic mapping
 s - 3 scrolls of recharging
 y - a scroll of fear
 C - a scroll of noise
 S - a scroll of immolation {unknown}
 U - a scroll of fog {unknown}
Potions
 i - 2 potions of heal wounds
 j - 3 potions of cancellation
 m - a potion of lignification
 t - 3 potions of invisibility
 x - a potion of agility
 z - 4 potions of flight
 G - a potion of ambrosia
 M - a potion of resistance {unknown}
 O - a potion of curing
 Q - a potion of berserk rage
Comestibles
 b - 15 bread rations
 d - 7 beef jerkies
 f - 5 meat rations
 B - 2 royal jellies
 N - 6 fruits
 V - a slice of pizza


   Skills:
 - Level 8.5(13.5) Fighting
 - Level 6.0(11.0) Dodging
 - Level 1.1(6.1) Stealth
 + Level 13.4(18.4) Unarmed Combat
 * Level 6.7 Invocations


You had 10 spell levels left.
You didn't know any spells.

Dungeon Overview and Level Annotations

Branches:
Dungeon (12/15)            Temple (1/1) D:6            Lair (1/6) D:10
    Orc (0/2) D:10

Altars:
Ashenzari
Cheibriados
Dithmenos
Elyvilon
Fedhas
Gozag
Hepliaklqana
Kikubaaqudgha
Makhleb
Nemelex Xobeh
Okawaru
Qazlal
Ru
Sif Muna
Trog
Uskayaw
Vehumet
Xom
Yredelemnul
Zin
The Shining One

Shops:
D:4 }

Annotations:
D:5 Prince Ribbit


Innate Abilities, Weirdness & Mutations

You are too large for most types of armour.
You have claws for hands.
Your metabolism is lightning-fast.
You like to eat raw meat.
Your natural rate of healing is unusually fast.
You are covered in fur. (AC +1)
You have very tough skin. (AC +2)


Message History

The five-headed hydra bites you!
* * * LOW HITPOINT WARNING * * *
You claw one of the five-headed hydra's heads off!
The four-headed hydra grows two more!
You eviscerate the six-headed hydra!!!
The six-headed hydra is heavily wounded.
You claw one of the six-headed hydra's heads off!
The five-headed hydra grows two more!
You mangle the seven-headed hydra!!
The seven-headed hydra is severely wounded.
You barely miss the seven-headed hydra.
The seven-headed hydra is severely wounded.
You block the seven-headed hydra's attack.
The seven-headed hydra bites you!
* * * LOW HITPOINT WARNING * * *
The seven-headed hydra closely misses you.
The seven-headed hydra completely misses you.
You block the seven-headed hydra's attack.
The seven-headed hydra bites you.
* * * LOW HITPOINT WARNING * * *
The seven-headed hydra bites you!
You die...

..##########.#......#....#.......
..# #...#......#....#....... ..#
#.#.####...'....#....... ..#
#...#######.....#.#####.
..########..#.......#....#.# #.
...........)..#...#......#.# #.
.............##.PP##.....#.# #.
...........#...PPP...#...#.# #.
....#####..#.!=D@PP..#...#.# #.
....#....#.#...PPPP..#...#.# #.
....'....#...##P..##.....#.#####.
###'#....#....#...#.....##.......
............#.......#............
.............#######.............
............<....................
....).............<....#'#+####..
.......................#......#..


You could see a seven-headed hydra.

Vanquished Creatures
  Erolcha (D:10)
  An unseen horror (D:10)
  A hill giant (D:11)
  The ghost of grandjackal the Shield-Bearer, a novice FoFi of Qazlal (D:6)
  An ugly thing (D:11)
  A manticore (D:11)
  Psyche (D:8)
  A spiny frog (Lair:1)
  A komodo dragon (D:10)
  A troll (D:9)
  3 blink frogs (Lair:1)
  2 hippogriffs (D:7)
  2 yaks (D:11)
  A hungry ghost (D:9)
  A porcupine (Lair:1)
  2 black bears
  3 ice beasts
  10 orc warriors
  A wasp (D:11)
  4 phantoms
  A sky beast (D:9)
  10 ogres
  11 centaurs
  4 crocodiles
  9 bullfrogs
  A wyvern skeleton (D:11)
  3 scorpions
  15 killer bees
  6 wights (D:11)
  3 electric eels (D:11)
  10 howler monkeys
  3 crimson imps
  A centaur zombie (D:7)
  2 bullfrog zombies
  3 jellies
  19 orc wizards
  6 centaur skeletons
  A gnoll shaman (D:7)
  A bullfrog skeleton (D:6)
  8 hounds
  9 orc priests
  Jessica (D:3)
  An iguana (D:8)
  Natasha (thrice) (D:3)
  8 worker ants
  2 hound zombies
  3 worker ant zombies
  14 gnolls
  13 adders
  A howler monkey skeleton (D:11)
  9 river rats (Lair:1)
  2 shadow imps (D:8)
  An ooze (D:5)
  2 adder skeletons (D:6)
  2 worms
  2 dart slugs (D:1)
  8 leopard geckos
  57 orcs
  6 giant cockroaches
  8 goblins
  4 hobgoblins
  5 jackals
  2 quokkas
  3 bats
  5 frilled lizards
  4 kobolds
  2 quokka skeletons (D:7)
  8 rats
  A plant (D:10)
342 creatures vanquished.

Vanquished Creatures (others)
  A human (D:3)
  An orc (D:8)
2 creatures vanquished.

Grand Total: 344 creatures vanquished

Notes
Turn   | Place    | Note
-------+----------+-------------------------------------------
     0 | D:1      | DeloreanTremens the Troll Monk began the quest for the Orb.
     0 | D:1      | Reached XP level 1. HP: 22/22 MP: 0/0
   137 | D:1      | Reached XP level 2. HP: 27/29 MP: 1/1
   688 | D:1      | Reached skill level 4 in Unarmed Combat
   688 | D:1      | Reached XP level 3. HP: 28/36 MP: 2/2
   882 | D:2      | Found a snail-covered altar of Cheibriados.
  1304 | D:2      | Reached XP level 4. HP: 44/44 MP: 3/3
  1623 | D:3      | Noticed a centaur
  1633 | D:3      | Killed a centaur
  1633 | D:3      | Reached skill level 5 in Unarmed Combat
  1633 | D:3      | Reached XP level 5. HP: 30/53 MP: 4/4
  1704 | D:3      | Noticed Natasha
  1721 | D:3      | Killed Natasha
  2035 | D:3      | Noticed Natasha
  2040 | D:3      | Killed Natasha
  2146 | D:3      | Found an ancient bone altar of Kikubaaqudgha.
  2147 | D:3      | Noticed a human
  2150 | D:3      | Killed a human
  2181 | D:3      | Noticed Jessica
  2195 | D:3      | Killed Jessica
  2314 | D:3      | Noticed Natasha
  2325 | D:3      | Killed Natasha
  2551 | D:4      | Reached XP level 6. HP: 61/61 MP: 5/5
  2646 | D:4      | You fall through a shaft for 2 floors!
  2651 | D:6      | Reached skill level 6 in Unarmed Combat
  2760 | D:5      | Entered Level 5 of the Dungeon
  2890 | D:5      | Reached XP level 7. HP: 70/70 MP: 6/6
  2953 | D:5      | Reached skill level 7 in Unarmed Combat
  3481 | D:4      | Found a hide-covered altar of Uskayaw.
  3497 | D:4      | Noticed a dagger
  3497 | D:4      | Noticed a hand axe
  3664 | D:4      | Found Ihafiam's Gadget Boutique.
  3973 | D:5      | Noticed Prince Ribbit
  4139 | D:5      | Reached skill level 8 in Unarmed Combat
  4168 | D:5      | Reached XP level 8. HP: 57/79 MP: 7/7
  4364 | D:5      | Reached skill level 5 in Fighting
  4521 | D:6      | Reached skill level 9 in Unarmed Combat
  4939 | D:6      | Reached skill level 10 in Unarmed Combat
  5071 | D:6      | Noticed grandjackal's ghost (novice FoFi)
  5085 | D:6      | Killed grandjackal's ghost
  5085 | D:6      | Reached XP level 9. HP: 80/89 MP: 8/8
  5136 | D:6      | Found a staircase to the Ecumenical Temple.
  5153 | Temple   | Entered the Ecumenical Temple
  5253 | Temple   | Became a worshipper of Warmaster Okawaru
  5253 | Temple   | Reached * piety under Okawaru
  5253 | Temple   | Reached ** piety under Okawaru
  5972 | D:7      | Reached skill level 11 in Unarmed Combat
  6491 | D:7      | Reached *** piety under Okawaru
  6555 | D:7      | Reached XP level 10. HP: 77/102 MP: 9/9
  6945 | D:7      | Found an opulent altar of Gozag.
  6949 | D:7      | Found a sparkling altar of Nemelex Xobeh.
  6977 | D:7      | Found a sacrificial altar of Ru.
  7747 | D:8      | Reached **** piety under Okawaru
  8130 | D:8      | Reached skill level 12 in Unarmed Combat
  8170 | D:8      | Reached skill level 5 in Dodging
  8191 | D:8      | Noticed Psyche
  8201 | D:8      | Killed Psyche
  8655 | D:9      | Found a hazy altar of Hepliaklqana.
  8947 | D:9      | Found a shattered altar of Ashenzari.
  9251 | D:10     | Entered Level 10 of the Dungeon
  9259 | D:10     | Found a shimmering altar of Xom.
  9354 | D:10     | Reached XP level 11. HP: 107/113 MP: 10/10
  9709 | D:10     | Found a staircase to the Orcish Mines.
  9760 | D:10     | Found a staircase to the Lair.
  9805 | D:10     | Noticed Erolcha
  9814 | D:10     | Killed Erolcha
 10057 | D:10     | Reached ***** piety under Okawaru
 10175 | D:10     | Killed an unseen horror
 10330 | Lair:1   | Entered Level 1 of the Lair of Beasts
 10463 | Lair:1   | Noticed a four-headed hydra
 10492 | D:10     | Reached skill level 13 in Unarmed Combat
 10890 | D:11     | Found a sparkling altar of Nemelex Xobeh.
 10971 | D:11     | Received a gift from Okawaru
 10992 | D:11     | Got a spiked shield {god gift}
 11116 | D:11     | Identified the +7 shield of Ymiaddum {rElec rF+ Str+2} (Okawaru gifted it to you on level 11 of the Dungeon)
 11167 | D:11     | Reached skill level 5 in Invocations
 11426 | D:11     | Noticed a brown ugly thing
 11439 | D:11     | Killed a brown ugly thing
 12044 | D:11     | Noticed a hill giant
 12053 | D:11     | Killed a hill giant
 12446 | D:10     | Slain by a seven-headed hydra

Vault maps used:
D:1:      dpeg_arrival_chase
D:2:      lemuel_round_altar, corexii_corridor_pit
D:3:      first_bread, tgw_kikubaaqudgha, uniq_jessica, uniq_natasha
D:4:      dancing_weapons_uskayaw, serial_shops, shop_statue
D:5:      black_bear_nest_1, uniq_prince_ribbit1
D:7:      minmay_overflow_temple_star_quad, minmay_misc_feat_more_columns
D:8:      grunt_ogre_cave, uniq_psyche
D:9:      kennysheep_mini_moat, basic_altar
D:10:     dpeg_oklobed_lair, hiddenorc1_lemuel, basic_altar, uniq_erolcha
D:11:     basic_altar, hex_intersection
D:12:     uniq_nessos
Temple:   regret_index_temple_waves
Lair:1:   minmay_lair_venomous_thicket, minivault_19, grunt_megastairs_4

Skill      XL: |  1  2  3  4  5  6  7  8  9 10 11 |
---------------+----------------------------------+-----
Unarmed Combat | 4 5 6 8 10 11 12 13 | 13.4
Fighting       | 3 4 6 7 8 |  8.5
Dodging        | 4 5 6 |  6.0
Invocations    | 6 |  6.7
Stealth        | |  1.1

Action                   |  1- 3 |  4- 6 |  7- 9 | 10-12 || total
-------------------------+-------+-------+-------+-------++-------
Melee: Unarmed           |    91 |    85 |   276 |   499 ||   951
       Punch             |     1 |     3 |    14 |    24 ||    42
Throw: Tomahawk          |       |     2 |    16 |    17 ||    35
Invok: Heroism           |       |       |     2 |     7 ||     9
       Finesse           |       |       |       |     2 ||     2
Evoke: Wand              |       |       |       |     2 ||     2
  Use: Scroll            |     1 |     3 |     2 |    17 ||    23
       Potion            |       |     1 |     6 |     3 ||    10
 Stab: Sleeping          |     1 |     1 |     2 |     5 ||     9
  Eat: Chunk             |    17 |     7 |    33 |    62 ||   119
Armor: Robe              |    29 |    18 |    43 |    65 ||   155
       Skin              |       |       |     1 |       ||     1
Dodge: Dodged            |    37 |    40 |   125 |   227 ||   429
Block: Shield            |       |       |       |    79 ||    79
